 Dungeon Crawl Stone Soup version 0.29.1-1-gd02db6906a (webtiles) character file.

Game seed: 2123983488856061638

81 corgi the Shooter (level 4, -34/38 HPs)
             Began as a Minotaur Hunter on Oct 14, 2022.
             Killed by an exploding orc wizard (37 damage)
             ... ignited by their inner flame
             ... on level 3 of the Dungeon.
             The game lasted 00:04:33 (1234 turns).

corgi the Shooter (Minotaur Hunter)                 Turns: 1234, Time: 00:04:33

Health: -34/38     AC:  3    Str: 15    XL:     4   Next: 20%
Magic:  3/3        EV: 16    Int:  6    God:
Gold:   96         SH:  0    Dex: 16    Spells: 3/3 levels left

rFire   . . .      SeeInvis .   d - +0 short sword (speed)
rCold   . . .      Faith    .   (no shield)
rNeg    . . .      Spirit   .   c - +0 leather armour
rPois   .          Reflect  .   (helmet restricted)
rElec   .          Harm     .   (no cloak)
rCorr   .          Rampage  .   (no gloves)
Will    .....                   (no boots)
Stlth   +.........              (no amulet)
HPRegen 0.12/turn               g - +4 ring of evasion
MPRegen 0.08/turn               (no ring)

@: no status effects
A: horns 2, retaliatory headbutt
a: no special abilities


You were on level 3 of the Dungeon.
You visited 1 branch of the dungeon, and saw 3 of its levels.

You collected 96 gold pieces.

Inventory:

Hand Weapons
 a - a +0 shortbow
 d - a +0 short sword of speed (weapon)
Armour
 c - a +0 leather armour (worn)
Jewellery
 g - a +4 ring of evasion (left hand)
 h - a ring of magical power
Scrolls
 f - 2 scrolls of identify {unknown}
Potions
 e - a potion of heal wounds


   Skills:
 + Level 3.2 Fighting
 * Level 5.2 Ranged Weapons
 + Level 1.8 Armour
 + Level 2.9 Dodging
 - Level 0.7 Stealth


You had 3 spell levels left.
You didn't know any spells.
Your spell library contained the following spells:

 Spells                   Type           Power      Damage    Failure   Level
 Summon Small Mammal      Summ           0%         N/A       52%         1
 Call Canine Familiar     Summ           0%         N/A       88%         3
 Summon Guardian Golem    Hex/Summ       0%         N/A       88%         3


Dungeon Overview and Level Annotations

Branches:
Dungeon (3/15)

Altars:
Qazlal

Annotations:
D:3 Sigmund


Innate Abilities, Weirdness & Mutations

You have a pair of horns on your head.
You reflexively headbutt those who attack you in melee.


Message History

Flame seeps out of something.
You hear some strange, mumbled words.
You are confused.
The orc hits you from afar with a +0 trident.
Flame seeps out of something.
Non-targeted confused fire: a) +0 shortbow
Press: ? - help, Q - select action Dir - look around, f - activate
Okay, then.
Your hands tingle!
d - a +0 short sword of speed (weapon)
Something hits you. The orc barely misses you.
You're too confused to move!
Something hits you. The orc barely misses you.
You bump into the rock wall.
You hear some strange, mumbled words.
A puff of flame appears from out of thin air!
The puff of flame hits you. The orc misses you.
You barely miss something. Your headbutt misses something.
You hear some strange, mumbled words.
A puff of flame appears from out of thin air!
The puff of flame hits you!
You bump into the rock wall.
The orc hits you from afar with a +0 trident!
* * * LOW HITPOINT WARNING * * *
Something hits you.
* * * LOW HITPOINT WARNING * * *
You bump into the rock wall.
You feel less confused. Something hits you but does no damage.
The orc hits you from afar with a +0 trident.
* * * LOW HITPOINT WARNING * * *
Something barely misses you.
You hit something.
Flame seeps out of something. x2; You headbutt something.
The orc priest casts a cantrip, but nothing happens.
The orc completely misses you.
Reactivating autopickup.
You feel a bit more experienced.
The orc wizard explodes!
The fiery explosion engulfs you!!!
Ouch! That really hurt!
You die...

....... .......
#........ .. #.........
.. #......... #.
..........
#####.#######.........
#.........@○o{........
#.........##oo...)....
#.........##..........
#.........##..........
#.........##..........
#.........##o.........
##.........##oo........
#.....#######..........
#......# #......$...


You could see an orc priest (inner flame) and 2 orcs.

Vanquished Creatures
  An orc wizard (D:3)
  3 adders
  2 dart slugs (D:1)
  5 ball pythons (D:1)
  4 bats
  5 endoplasms
  2 giant cockroaches
  5 goblins
  3 hobgoblins
  6 kobolds
  2 quokkas
  5 frilled lizards
  6 rats (D:1)
49 creatures vanquished.

Notes
Turn   | Place    | Note
-------+----------+-------------------------------------------
     0 | D:1      | corgi the Minotaur Hunter began the quest for the Orb.
     0 | D:1      | Reached XP level 1. HP: 18/18 MP: 0/0
   112 | D:1      | Reached XP level 2. HP: 25/25 MP: 1/1
   180 | D:1      | Reached skill level 1 in Armour
   453 | D:1      | Reached XP level 3. HP: 30/30 MP: 2/2
   674 | D:2      | Reached skill level 5 in Ranged Weapons
  1025 | D:2      | Reached XP level 4. HP: 38/38 MP: 3/3
  1035 | D:2      | Found a stormy altar of Qazlal.
  1223 | D:3      | Noticed Sigmund
  1234 | D:3      | Killed by an exploding orc wizard... ignited by their inner
                  | flame

Illustrated notes

Levels and vault maps discovered:
D:1:      ebering_hopf_link, layout_rooms
D:2:      layout_basic, basic_altar
D:3:      layout_basic, uniq_grinder, uniq_sigmund

Skill      XL: |  1  2  3 |
---------------+----------+-----
Armour         | 1 |  1.8
Fighting       | 3 |  3.2
Ranged Weapons | 5 |  5.2
Dodging        | |  2.9
Stealth        | |  0.7

Action                   |  1- 3 |  4- 6 || total
-------------------------+-------+-------++-------
Melee: Short sword       |       |     2 ||     2
       Headbutt          |       |     1 ||     1
 Fire: Shortbow          |    97 |    12 ||   109
  Use: Scroll            |     1 |     1 ||     2
       Potion            |     1 |       ||     1
Armor: Leather armour    |    12 |     2 ||    14
Dodge: Dodged            |    28 |     8 ||    36
